 Dungeon Crawl Stone Soup version 0.23.0-3-gf3c87f2 (webtiles) character file.

Game seed: 7132575677994042417

172 Scud the Covert (level 5, -6/26 HPs)
             Began as a Spriggan Assassin on Feb 23, 2019.
             Killed from afar by Natasha (8 damage)
             ... with a magic dart
             ... on level 3 of the Dungeon.
             The game lasted 00:10:50 (3046 turns).

Scud the Covert (Spriggan Assassin)                 Turns: 3046, Time: 00:10:50

Health: -6/26      AC:  3    Str:  7    XL:     5   Next: 27%
Magic:  6/6        EV: 19    Int: 13    God:
Gold:   83         SH:  0    Dex: 18    Spells: 4/4 levels left

rFire    . . .     SeeInvis +   l - +3 dagger
rCold    . . .     Gourm    .   (shield restricted)
rNeg     . . .     Faith    .   c - +0 robe
rPois    .         Spirit   .   (helmet restricted)
rElec    .         Reflect  .   d - +0 cloak
rCorr    .         Harm     .   (gloves unavailable)
MR       .....                  (boots unavailable)
Stlth    ++++......             (no amulet)
HPRegen  0.08/turn              (no ring)
MPRegen  0.10/turn              (no ring)

@: very quick
A: very small, unfitting armour, see invisible, herbivore, speed 3, slow
metabolism 2
a: no special abilities


You were on level 3 of the Dungeon.
You were not hungry.

You visited 1 branch of the dungeon, and saw 3 of its levels.

You collected 83 gold pieces.

Inventory:

Hand Weapons
 b - a +0 blowgun
 l - a +3 dagger (weapon)
Missiles
 e - 65 poisoned needles (quivered)
 f - 2 curare-tipped needles
Armour
 c - a +0 robe (worn)
 d - a +0 cloak (worn)
Scrolls
 i - a scroll of identify
 k - a scroll of enchant armour {unknown}
Potions
 a - a potion of lignification {unknown}
 h - a potion of might {unknown}
 j - 2 potions of heal wounds
Comestibles
 g - 4 rations


   Skills:
 + Level 1.9 Fighting
 + Level 3.6 Short Blades
 + Level 2.1 Throwing
 + Level 3.4 Dodging
 + Level 8.1 Stealth


You had 4 spell levels left.
You didn't know any spells.
Your spell library was empty.

Dungeon Overview and Level Annotations

Branches:
Dungeon (3/15)

Altars:
Cheibriados

Annotations:
D:3 Natasha


Innate Abilities, Weirdness & Mutations

You are very small and have problems with some larger weapons.
You are too small for most types of armour.
You have supernaturally acute eyesight. (SInv)
You are a herbivore.
You cover ground extremely quickly.
You need to consume almost no food.


Message History

Natasha is heavily wounded.
Natasha claws you!
You hit Natasha.
Natasha is severely wounded.
You hit Natasha.
Natasha is almost dead.
Natasha misses you.
You miss Natasha.
Natasha is almost dead.
Natasha casts a spell at you. The magic dart hits you.
* * * LOW HITPOINT WARNING * * *
You hit Natasha but do no damage.
Natasha is almost dead.
Natasha misses you.
You barely miss Natasha.
Natasha is almost dead.
Natasha stares at you and mumbles some strange words.
The magic dart hits you!
You die...

##..(........
##.....####.#
#...).......#
##.....########
######............#
............#####.#######.
######...#.## #...)....).
##....# #.†######.#
#..#.#####@.#
#....>...h......#
#......#.######.#
###......#.# #........#.#
#.#.^....#.##
#.#.........#
#.#.####[#..# ##.#.#
#.#..#####.


You could see Natasha.

Vanquished Creatures
  Natasha (twice) (D:3)
  4 adders
  3 oozes
  3 worms (D:2)
  3 dart slugs
  2 giant cockroaches (D:2)
  9 goblins
  3 hobgoblins
  4 jackals (D:2)
  2 quokkas (D:2)
  8 bats
  6 frilled lizards
  9 kobolds
  6 rats
64 creatures vanquished.

Notes
Turn   | Place    | Note
-------+----------+-------------------------------------------
     0 | D:1      | Scud the Spriggan Assassin began the quest for the Orb.
     0 | D:1      | Reached XP level 1. HP: 10/10 MP: 2/2
    10 | D:1      | Reached skill level 6 in Stealth
   162 | D:1      | Reached XP level 2. HP: 7/14 MP: 3/3
   566 | D:1      | Reached skill level 7 in Stealth
   618 | D:1      | Reached XP level 3. HP: 8/18 MP: 4/4
  2271 | D:2      | Reached XP level 4. HP: 23/23 MP: 5/5
  2537 | D:3      | Found a snail-covered altar of Cheibriados.
  2550 | D:3      | Noticed Natasha
  2559 | D:3      | Killed Natasha
  2702 | D:3      | Reached XP level 5. HP: 7/26 MP: 6/6
  2974 | D:3      | Noticed Natasha
  2983 | D:3      | Killed Natasha
  2983 | D:3      | Reached skill level 8 in Stealth
  3032 | D:3      | Noticed Natasha
  3046 | D:3      | Killed from afar by Natasha

Skill      XL: |  1  2  3  4  5 |
---------------+----------------+-----
Stealth        | 6 7 8 |  8.1
Dodging        | 2 3 |  3.4
Short Blades   | 3 |  3.6
Fighting       | |  1.9
Throwing       | |  2.1

Action                   |  1- 3 |  4- 6 || total
-------------------------+-------+-------++-------
Melee: Dagger            |   152 |    85 ||   237
  Use: Scroll            |       |     5 ||     5
       Potion            |       |     1 ||     1
 Stab: Sleeping          |     9 |     8 ||    17
Armor: Robe              |    16 |     7 ||    23
Dodge: Dodged            |   109 |    56 ||   165
